 Dungeon Crawl Stone Soup version 0.30-a0-782-ge64f9170bb (console) character file.

Game seed: 12228847596604487999

131 utis the Trooper (level 5, -5/34 HPs)
             Began as a Tengu Wanderer on Feb 26, 2023.
             Slain by Sigmund
             ... wielding a +2 scythe of protection
              (12 damage)
             ... on level 2 of the Dungeon.
             The game lasted 00:05:44 (1825 turns).

utis the Trooper (Tengu Wanderer)                   Turns: 1825, Time: 00:05:44

Health: -5/34      AC:  5    Str: 10    XL:     5   Next: 14%
Magic:  6/6        EV: 13    Int: 12    God:
Gold:   93         SH:  0    Dex: 18    Spells: 4/4 levels left

rFire   . . .      SeeInvis .    m - +0 spear
rCold   . . .      Faith    .    c - +0 buckler
rNeg    . . .      Spirit   .    l - +0 ring mail
rPois   +          Reflect  .    (helmet restricted)
rElec   .          Harm     .    (no cloak)
rCorr   .          Rampage  .    (no gloves)
Will    .....                    (boots unavailable) Stlth
                                 (no amulet)
HPRegen 0.25/turn                P - ring of poison resistance
MPRegen 0.10/turn                (no ring)

@: confused, flying quickly and evasively, quick
A: beak, talons 3, nimble flight
a: no special abilities


You were on level 2 of the Dungeon.
You visited 1 branch of the dungeon, and saw 3 of its levels.

You collected 93 gold pieces.

Inventory:

Hand Weapons
 a - a +0 dagger
 j - a +0 short sword
 m - a +0 spear (weapon)
Missiles
 n - 13 stones (quivered)
Armour
 c - a +0 buckler (worn)
 d - a +0 robe
 f - a +0 kite shield
 l - a +0 ring mail (worn)
Jewellery
 P - a ring of poison resistance (left hand)
Wands
 e - a wand of polymorph (16)
Scrolls
 b - 2 scrolls of fog
 o - a scroll of teleportation {unknown}
Potions
 g - 2 potions of might
 h - 2 potions of brilliance {unknown}
 i - a potion of haste {unknown}
 k - 2 potions of curing {unknown}
 p - a potion of mutation {unknown}
 q - a potion of ambrosia {unknown}


   Skills:
 + Level 4.5 Fighting
 - Level 1.0 Throwing
 - Level 1.1 Armour
 + Level 3.4 Dodging
 - Level 1.0 Shields
 - Level 4.0 Evocations


You had 4 spell levels left.
You didn't know any spells.
Your spell library was empty.

Dungeon Overview and Level Annotations

Branches:
Dungeon (3/15)

Altars:

Annotations:
D:2 Sigmund


Innate Abilities, Weirdness & Mutations

You have a beak for a mouth.
You have claws for feet.
Your magical nature lets you fly swiftly and evasively.


Message History

You resist with some effort.
You hit the worm. Your kick misses the worm.
The worm is severely wounded.
The worm bites you. You block the worm's attack. The worm bites you.
The worm completely misses you.
Unknown command.
There is a stone staircase leading down here.
Sigmund casts a spell at you. The puff of flame misses you.
An endoplasm comes into view.
Found a cyan potion.
The endoplasm quivers.
A bat comes into view.
Found an escape hatch in the ceiling.
The endoplasm hits you. The bat hits you but does no damage.
You block the bat's attack.
You hit the bat.
You kill the bat!
The endoplasm misses you. The endoplasm freezes you.
You are frozen.
You see here a bat corpse.
The endoplasm freezes you.
You are frozen.
Sigmund hits you from afar with a +2 scythe of protection.
Sigmund casts a spell at you.
You are confused.
The endoplasm hits you but does no damage.
Sigmund gestures at you while chanting. The magic dart hits you!
* * * LOW HITPOINT WARNING * * *
The endoplasm freezes you.
You are frozen.
* * * LOW HITPOINT WARNING * * *
You're too confused to move!
Sigmund hits you but does no damage.
The endoplasm hits you but does no damage.
Sigmund hits you from afar with a +2 scythe of protection!
You die...

░░░ ░░░░░░░░░░░░░░
...░░...░░...<...░
...!.....░.J.....░░
...........Q.......
.................░░
........w@░░░..░░░
.........†..░░...░
...░░....░░.░
░░.░░░ ░░░░.░░.░
...░░
░.░░@░░░░░░..░░░
░.░░...........░░░
░............░....
░░


You could see Sigmund, a worm and an endoplasm.

Vanquished Creatures
  An orc priest (D:3)
  3 gnolls
  An adder (D:2)
  A worm (D:2)
  A dart slug (D:1)
  7 orcs (D:3)
  8 bats
  An endoplasm (D:1)
  2 goblins
  5 hobgoblins
  5 jackals
  6 kobolds
  A quokka (D:3)
  5 ball pythons
  2 frilled lizards (D:1)
  2 rats (D:1)
51 creatures vanquished.

Notes
Turn   | Place    | Note
-------+----------+-------------------------------------------
     0 | D:1      | utis the Tengu Wanderer began the quest for the Orb.
     0 | D:1      | utis set off with the following items: a +0 dagger, 2
                  | scrolls of fog, a +0 buckler, a +0 robe, a wand of
                  | polymorph (18).
     0 | D:1      | Reached XP level 1. HP: 14/14 MP: 2/2
   187 | D:1      | Reached skill level 1 in Dodging
   202 | D:1      | Reached XP level 2. HP: 16/19 MP: 3/3
   931 | D:1      | Reached XP level 3. HP: 23/23 MP: 4/4
  1261 | D:2      | Noticed Sigmund
  1350 | D:3      | Reached XP level 4. HP: 20/29 MP: 5/5
  1665 | D:2      | Gained mutation: Your magical nature lets you fly swiftly
                  | and evasively. [Tengu growth]
  1665 | D:2      | Reached XP level 5. HP: 33/34 MP: 6/6
  1825 | D:2      | Slain by Sigmund

Illustrated notes

Levels and vault maps discovered:
D:1:      nzn_arrival_settlement, layout_basic
D:2:      layout_rooms, uniq_sigmund
D:3:      layout_loops_ring

Skill      XL: |  1  2  3  4 |
---------------+-------------+-----
Dodging        | 1 2 3 |  3.4
Fighting       | 4 |  4.5
Throwing       | |  1.0
Armour         | |  1.1
Shields        | |  1.0
Evocations     | |  4.0

Action                     |  1- 3 |  4- 6 || total
---------------------------+-------+-------++-------
  Melee: Dagger            |    43 |       ||    43
         Kick              |    38 |    15 ||    53
         Peck              |    19 |     7 ||    26
         Short sword       |    75 |    29 ||   104
         Spear             |       |    22 ||    22
  Throw: Stone             |       |     1 ||     1
  Evoke: Wand              |     2 |       ||     2
    Use: Scroll            |       |     3 ||     3
   Stab: Sleeping          |     1 |       ||     1
 Armour: Robe              |    14 |       ||    14
         Ring mail         |    30 |    11 ||    41
  Dodge: Dodged            |    51 |    19 ||    70
  Block: Buckler           |    16 |     8 ||    24

Table legend: (Time is in decaauts)
 A = Elapsed time spent in this place.
 B = Non-inter-level travel time spent in this place.
 C = Inter-level travel time spent in this place.
 D = Time resting spent in this place.
 E = Time spent auto-exploring this place.
 F = Levels seen in this place.
 G = Mean time per level.
                   A        B        C        D        E       F      G
               +--------+--------+--------+--------+--------+-----+--------+
         Total |   1826 |   1718 |    108 |    343 |    861 |   3 |  608.7 |
       Dungeon |   1826 |   1718 |    108 |    343 |    861 |   3 |  608.7 |
               +--------+--------+--------+--------+--------+-----+--------+

Top non-repeatable levels by time:
     D:1: 1235 daAuts
     D:2: 443 daAuts
     D:3: 147 daAuts
